Map: [ESL] Moondance

Players

夜蝶蝶蝶蝶蝶蝶蝶 (Firefly)

  • Race: Protoss Protoss

iGCoffeeMs (Coffee) - Winner!

  • Race: Terran Terran
  • League: Master

Event: DreamHack SC2 Masters 2022 Atlanta (Online)

VOD

Have the link to the VOD?

Description

Time

  • Played on: Oct. 8, 2022, 7:51 a.m.
  • Length: 6:07

All games in this series

Show
View Real Time Build Order
Export as new Build Order

夜蝶蝶蝶蝶蝶蝶蝶 Protoss 

Build Orders: 1 Gate Expand, Blink Stalkers 

Get SALT Encoding   

  12  0:00  Probe  
  13  0:12  Probe  
  14  0:17  Pylon  
  14  0:24  Probe  
  15  0:36  Gateway  
  15  0:38  Probe (Chrono Boost)  
  16  0:47  Probe (Chrono Boost)  
  16  0:48  Assimilator  
  17  0:52  Probe (Chrono Boost)  
  18  1:04  Probe  
  19  1:16  Probe  
  20  1:23  Cybernetics Core  
  20  1:34  Nexus  
  20  1:40  Pylon  
  20  1:43  Probe  
  21  1:50  Assimilator  
  21  1:55  Probe  
  21  1:57  Adept (Chrono Boost)  
  24  2:02  Warp Gate  
  24  2:07  Probe  
  25  2:17  Stalker (Chrono Boost)  
  25  2:19  Probe  
  28  2:31  Probe  
  29  2:43  Probe, Stalker  
  30  2:48  Probe  
  30  2:55  Probe  
  30  2:57  Twilight Council  
  31  3:00  Probe  
  31  3:04  Shield Battery  
  32  3:08  Probe  
  33  3:16  Probe  
  34  3:20  Probe  
  34  3:24  Pylon  
  34  3:25  Blink (Chrono Boost)  
  35  3:28  Probe  
  35  3:32  Probe, Gateway  
  37  3:36  Probe  
  38  3:44  Probe  
  38  3:46  Forge, Probe  
  39  3:54  Stalker  
  42  3:56  Probe  
  42  3:58  Probe  
  44  4:08  Probe  
  45  4:10  Probe  
  45  4:15  Robotics Facility  
  46  4:17  Stalker  
  46  4:21  Probe  
  46  4:22  Probe  
  50  4:28  Pylon  
  50  4:34  Pylon  
  50  4:36  Stalker  
  47  4:49  Pylon  
  47  4:55  Stalker  
  47  4:56  Probe x2  
  46  5:04  Warp Prism  
  48  5:08  Probe  
  48  5:09  Probe  
  50  5:21  Probe  
  47  5:25  Probe  
  48  5:33  Probe, Stalker x2  
  47  5:39  Probe  
  47  5:48  Probe  
  52  5:52  Probe  
  49  5:59  Stalker  
  49  6:00  Stalker  
Show
View Real Time Build Order
Export as new Build Order

iGCoffeeMs Terran - Winner!

Build Orders:  

Get SALT Encoding   

  12  0:00  SCV  
  13  0:12  SCV  
  14  0:16  Supply Depot  
  14  0:24  SCV  
  15  0:38  SCV  
  15  0:39  Barracks  
  16  0:43  Refinery  
  16  0:50  SCV  
  16  0:53  Refinery  
  17  1:02  SCV  
  18  1:14  SCV  
  19  1:26  Reaper  
  19  1:28  Orbital Command  
  19  1:29  Supply Depot  
  20  1:43  Factory  
  20  1:53  SCV  
  21  2:03  Barracks Reactor  
  21  2:05  SCV  
  22  2:15  Command Center  
  22  2:17  SCV  
  23  2:29  Widow Mine  
  26  2:30  SCV  
  26  2:41  Marine  
  26  2:42  Marine  
  28  2:47  SCV  
  28  2:48  Starport  
  28  2:54  Widow Mine  
  30  3:00  SCV  
  30  3:03  Supply Depot  
  31  3:22  Factory Tech Lab  
  31  3:24  Marine x2  
  31  3:25  SCV, Medivac  
  36  3:40  SCV  
  37  3:43  Marine x2  
  37  3:47  Supply Depot  
  39  4:08  Liberator, Siege Tank, Marine x2  
  47  4:11  Barracks  
  47  4:12  Orbital Command  
  47  4:20  SCV  
  48  4:26  Marine x2  
  50  4:32  Supply Depot  
  50  4:43  Marine x2  
  49  4:47  SCV x2  
  49  4:48  Siege Tank  
  54  4:59  SCV x2, Barracks Tech Lab  
  54  5:01  Marine x2  
  54  5:02  Liberator  
  59  5:11  Supply Depot, SCV x2  
  61  5:17  Refinery  
  61  5:19  Supply Depot, Marine x2  
  60  5:23  SCV  
  55  5:36  Marine  
  55  5:38  SCV  
  55  5:40  Marine  
  55  5:41  Marine  
  62  5:44  SCV  
  62  5:49  Supply Depot  
  63  5:50  SCV  
  69  6:05  Engineering Bay  
Tags
 
Add a new tag
Caveats
  • Supply blocks, unpowered buildings, or Contaminate may cause inaccurate times.
  • Supply counts are checked every 10 seconds.